 Dungeon Crawl Stone Soup version 0.29-a0-504-gec6baf379c (webtiles) character file.

Game seed: 2732434136638635819

289 Bruhh the Grappler (level 6, 0/74 HPs)
             Began as an Ogre Transmuter on May 28, 2022.
             Slain by a gnoll
             ... wielding a +0 spear
             ... led by a gnoll shaman
              (7 damage)
             ... on level 4 of the Dungeon.
             The game lasted 00:05:16 (3530 turns).

Bruhh the Grappler (Ogre Transmuter)                Turns: 3530, Time: 00:05:17

Health: 0/74       AC:  2    Str: 15    XL:     6   Next: 31%
Magic:  9/15       EV: 18    Int: 16    God:
Gold:   780        SH:  0    Dex: 14    Spells: 13/17 levels left

rFire   + . .      SeeInvis .     - Unarmed
rCold   + . .      Faith    .   (shield currently unavailable)
rNeg    . . .      Spirit   .   (body armour currently unavailable)
rPois   .          Reflect  .   (helmet currently unavailable)
rElec   +          Harm     .   (cloak currently unavailable)
rCorr   +          Rampage  .   (gloves unavailable)
Will    .....                   (boots unavailable)
Stlth   +.........              (no amulet)
HPRegen 0.22/turn               (no ring)
MPRegen 0.14/turn               (no ring)

@: lit by a corona, spider-form, resistant, very slightly contaminated, glowing
A: venomous fangs, tiny, unfitting armour, (tough skin 1)
a: End Transformation


You were on level 4 of the Dungeon.
You were a venomous arachnid creature.
You visited 1 branch of the dungeon, and saw 4 of its levels.

You collected 780 gold pieces.

Inventory:

Hand Weapons
 h - a +2 vorpal trident
Missiles
 j - a throwing net
Armour
 a - a +1 robe (melded)
 r - a +2 cloak (melded)
Jewellery
 i - a ring of flight
Scrolls
 d - a scroll of amnesia
 m - a scroll of enchant armour
 p - a scroll of brand weapon
Potions
 c - a potion of resistance
 g - a potion of degeneration {unknown}
 k - a potion of curing {unknown}
 n - 2 potions of berserk rage {unknown}
 o - 2 potions of might {unknown}


   Skills:
 + Level 8.6 Fighting
 - Level 1.7 Dodging
 - Level 10.1 Unarmed Combat
 - Level 6.0 Spellcasting
 + Level 4.9 Transmutations


You had 13 spell levels left.
You knew the following spells:

 Your Spells              Type           Power      Damage    Failure   Level
a - Beastly Appendage     Tmut           40%        N/A       8%          1
b - Spider Form           Tmut/Pois      12%        N/A       34%         3

Your spell library contained the following spells:

 Spells                   Type           Power      Damage    Failure   Level
 Wereblood                Tmut           20%        N/A       10%         2
 Ignite Poison            Fire/Tmut/Pois 10%        N/A       43%         3
 Conjure Flame            Conj/Fire      4%         6-21      61%         3
 Ice Form                 Ice/Tmut       12%        N/A       67%         4
 Sticky Flame             Conj/Fire      4%         2d3       92%         4
 Iskenderun's Battlesphe  Conj           4%         2d6       99%         5
 Iron Shot                Conj/Erth      2%         9d2       100%        6
 Spellforged Servitor     Conj/Summ      2%         N/A       100%        7


Dungeon Overview and Level Annotations

Branches:
Dungeon (4/15)
 Temple: D:4-7

Altars:


Innate Abilities, Weirdness & Mutations

You are a venomous arachnid creature.
You have poisonous fangs.
You are tiny and dextrous.
Your spellcasting is less reliable in this form.
Your armour is entirely melded.
You are incapable of wielding weapons or throwing items.
You are too large for most types of armour.
((You have tough skin. (AC +1)))


Message History

The gnoll hits you with a +0 club.
The gnoll shaman calls upon its god to speed up the gnoll.
The gnoll seems to speed up.
The gnoll shaman attacks as you move away!
The gnoll shaman hits you with a +0 club!
* * * LOW HITPOINT WARNING * * *
The kobold hits you but does no damage.
The gnoll hits you from afar with a +0 spear.
* * * LOW HITPOINT WARNING * * *
The gnoll barely misses you. The gnoll hits you with a +0 club.
* * * LOW HITPOINT WARNING * * *
The gnoll shaman mumbles some strange prayers to its god.
The gnoll shaman is healed somewhat.
You feel much better. The kobold hits you but does no damage.
The gnoll hits you from afar with a +0 halberd!
The gnoll barely misses you. x2; The gnoll closely misses you.
The gnoll hits you from afar with a +0 halberd!
The gnoll shaman calls upon its god to speed up the gnoll.
The gnoll seems to speed up.
Unknown command.
Casting: Spider Form (dangerous; 16% risk of failure)
Confirm with . or Enter, or press ? or * to list all spells.
You miscast Spider Form.
You are very lightly contaminated with residual magic.
Nothing appears to happen.
The gnoll barely misses you. The kobold hits you but does no damage.
The gnoll hits you but does no damage.
The gnoll hits you from afar with a +0 halberd.
* * * LOW HITPOINT WARNING * * *
The gnoll barely misses you.
Casting: Spider Form (dangerous; 16% risk of failure)
Confirm with . or Enter, or press ? or * to list all spells.
You turn into a venomous arachnid creature.
Your +2 cloak melds into your body.
Your +1 robe melds into your body.
The gnoll hits you with a +0 flail.
* * * LOW HITPOINT WARNING * * *
The gnoll barely misses you. The kobold closely misses you.
The gnoll hits you with a +0 flail.
* * * LOW HITPOINT WARNING * * *
The gnoll hits you from afar with a +0 spear!
You die...

##+#######
#.........
#.........
#......#
#gsg...#..
#.gK.....P
#gg.g..#..
#...........#
####
#############
###..#
...##########
...'.........
...##########


You could see a gnoll shaman, 5 gnolls and a kobold.

Vanquished Creatures
  Crazy Yiuf (D:3)
  An orc wizard (D:3)
  An adder (D:2)
  A worm (D:3)
  A dart slug (D:1)
  7 orcs (D:3)
  5 ball pythons
  6 endoplasms
  A giant cockroach (D:1)
  4 goblins
  4 hobgoblins
  A quokka (D:3)
  9 bats
  5 kobolds
  6 rats
53 creatures vanquished.

Vanquished Creatures (others)
  A fungus (D:3)
1 creature vanquished.

Grand Total: 54 creatures vanquished

Notes
Turn   | Place    | Note
-------+----------+-------------------------------------------
     0 | D:1      | Bruhh the Ogre Transmuter began the quest for the Orb.
     0 | D:1      | Reached XP level 1. HP: 19/19 MP: 3/3
   106 | D:1      | Reached XP level 2. HP: 24/27 MP: 3/5
   403 | D:1      | Reached skill level 3 in Unarmed Combat
   551 | D:1      | Found a faded altar of an unknown god.
   756 | D:2      | Reached XP level 3. HP: 21/33 MP: 4/7
  2608 | D:3      | Reached skill level 10 in Unarmed Combat
  2608 | D:3      | Reached XP level 4. HP: 41/41 MP: 9/9
  2611 | D:3      | Reached XP level 5. HP: 66/66 MP: 9/13
  2616 | D:3      | Learned a level 3 spell: Spider Form
  2731 | D:3      | Reached XP level 6. HP: 74/74 MP: 13/15
  3166 | D:3      | Found a runed translucent door.
  3167 | D:3      | Noticed Crazy Yiuf
  3238 | D:3      | Killed Crazy Yiuf
  3471 | D:4      | Identified a scroll of acquirement
  3471 | D:4      | Acquired 638 gold pieces
  3530 | D:4      | Slain by a gnoll

Illustrated notes

Levels and vault maps discovered:
D:1:      dpeg_arrival_three_bigger_balls, layout_rooms,
          dreamdust_ecumenical_altar_hidden_monk_grotto
D:2:      layout_basic
D:3:      layout_basic, uniq_crazy_yiuf_cottage
D:4:      layout_basic, nemelex_diamond_rough_becter, elyvilon_altar_1,
          gup_sewer_entry_bubbles, minmay_ruined_shrine

Skill      XL: |  1  2  3  4 |
---------------+-------------+-----
Transmutations | 2 4 |  4.9
Unarmed Combat | 3 10 | 10.1
Spellcasting   | 3 6 |  6.0
Fighting       | 8 |  8.6
Dodging        | |  1.7

Action                   |  1- 3 |  4- 6 || total
-------------------------+-------+-------++-------
Melee: Unarmed           |    47 |    33 ||    80
       Kick              |    16 |    10 ||    26
       Headbutt          |     7 |     3 ||    10
       Trident           |    53 |     3 ||    56
       Punch             |     1 |     2 ||     3
 Cast: Beastly Appendage |    24 |     8 ||    32
       Spider Form       |       |     3 ||     3
  Use: Potion            |     2 |     4 ||     6
       Scroll            |     2 |     6 ||     8
 Stab: Sleeping          |     1 |       ||     1
Armor: Robe              |    35 |    12 ||    47
       Skin              |     9 |       ||     9
Dodge: Dodged            |    58 |    25 ||    83

Table legend: (Time is in decaauts)
 A = Elapsed time spent in this place.
 B = Non-inter-level travel time spent in this place.
 C = Inter-level travel time spent in this place.
 D = Time resting spent in this place.
 E = Time spent auto-exploring this place.
 F = Levels seen in this place.
 G = Mean time per level.
                   A        B        C        D        E       F      G
               +--------+--------+--------+--------+--------+-----+--------+
         Total |   3537 |   3373 |    164 |    539 |   2365 |   4 |  884.2 |
       Dungeon |   3537 |   3373 |    164 |    539 |   2365 |   4 |  884.2 |
               +--------+--------+--------+--------+--------+-----+--------+

Top non-repeatable levels by time:
     D:3: 1644 daAuts
     D:2: 1182 daAuts
     D:1: 640 daAuts
     D:4: 70 daAuts
